 Dungeon Crawl Stone Soup version 0.24-a0-250-g6074511 (webtiles) character file.

Game seed: 13354535897691243795

395 MatthieuS the Stinger (level 6, -4/44 HPs)
             Began as a Demonspawn Venom Mage on Apr 13, 2019.
             Was an Initiate of Vehumet.
             Slain by a phantom (5 damage)
             ... on level 5 of the Dungeon.
             The game lasted 00:13:34 (5977 turns).

MatthieuS the Stinger (Demonspawn Venom Mage)       Turns: 5977, Time: 00:13:35

Health: -4/44      AC:  4    Str:  9    XL:     6   Next: 52%
Magic:  10/10      EV: 12    Int: 22    God:    Vehumet [......]
Gold:   242        SH:  0    Dex: 13    Spells: 2/12 levels left

rFire    . . .     SeeInvis .   a - +3 dagger (venom)
rCold    . . .     Gourm    .   (no shield)
rNeg     . . .     Faith    .   j - +0 robe
rPois    .         Spirit   .   s - +0 helmet
rElec    .         Reflect  .   w - +0 cloak (curse)
rCorr    .         Harm     .   (no gloves)
MR       .....     Clarity  +   (no boots)
Stlth    +++++.....             (no amulet)
HPRegen  0.14/turn              f - +4 ring of intelligence
MPRegen  0.12/turn              (no ring)

@: very slightly contaminated, invisible
A: claws 1, clarity, low mp 1, nightstalker 3
a: Renounce Religion


You were on level 5 of the Dungeon.
You worshipped Vehumet.
Vehumet was noncommittal.
You were hungry.

You visited 1 branch of the dungeon, and saw 5 of its levels.

You collected 242 gold pieces.

Inventory:

Hand Weapons
 a - a +3 dagger of venom (weapon)
   (You found it on level 2 of the Dungeon)
Armour
 j - a +0 robe (worn)
 s - a +0 helmet (worn)
   (You took it off Robin on level 4 of the Dungeon)
 w - a cursed +0 cloak (worn)
   (You found it on level 4 of the Dungeon)
Jewellery
 f - a +4 ring of intelligence (left claw)
   (You found it on level 2 of the Dungeon)
Wands
 v - a wand of digging (6)
   (You took it off Ijyb on level 4 of the Dungeon)
Scrolls
 h - a scroll of teleportation {@r4}
 k - a scroll of blinking
 o - a scroll of magic mapping
 q - 4 scrolls of amnesia
 r - 3 scrolls of remove curse {@r2}
 x - a scroll of fear {unknown}
Potions
 b - a potion of might {unknown}
 c - 3 potions of curing {unknown}
 d - 2 potions of ambrosia {unknown}
 g - 2 potions of cancellation {unknown}
 l - 2 potions of haste {unknown}
 m - a potion of heal wounds {unknown}
 p - a potion of berserk rage {unknown}
 t - a potion of degeneration {unknown}
Comestibles
 e - 11 rations
 n - 9 chunks of flesh


   Skills:
 + Level 1.7 Fighting
 - Level 1.7 Dodging
 + Level 2.6 Stealth
 + Level 3.5 Spellcasting
 + Level 3.3 Conjurations
 + Level 1.6 Air Magic
 + Level 4.3 Poison Magic


You had 2 spell levels left.
You knew the following spells:

 Your Spells              Type           Power        Failure   Level  Hunger
a - Sting                 Conj/Pois      ###.         2%          1    None
b - Poisonous Vapours     Pois/Air       ###...       5%          2    ##.....
c - Olgreb's Toxic Radia  Pois           ###.....     21%         4    ####...
d - Mephitic Cloud        Conj/Pois/Air  ###.....     10%         3    ###....

Your spell library contained the following spells:

 Spells                   Type           Power        Failure   Level  Hunger
 Animate Skeleton         Necr           N/A          12%         1    None
 Pain                     Necr           #...         12%         1    None
 Regeneration             Chrm/Necr      #.........   34%         3    ###....
 Vampiric Draining        Necr           #.........   34%         3    ###....
 Venom Bolt               Conj/Pois      ###.......   56%         5    ######.
 Animate Dead             Necr           N/A          75%         4    ####...


Dungeon Overview and Level Annotations

Branches:
Dungeon (5/15)
 Temple: D:4-7

Altars:
Cheibriados
Sif Muna
Vehumet

Annotations:
D:4 Grinder


Innate Abilities, Weirdness & Mutations

You are completely attuned to the shadows.
You have sharp fingernails.
You possess an exceptional clarity of mind.
Your magical capacity is low. (-10% MP)


Message History

No target in view!
No target in view!
No target in view!
No target in view!
No target in view!
No target in view!
No target in view!
No target in view!
The phantom blinks!
The phantom blinks!
You hit the phantom but do no damage. The phantom hits you.
You closely miss the phantom. The phantom completely misses you.
You closely miss the phantom. The phantom hits you.
* * * LOW HITPOINT WARNING * * *
The phantom blinks!
Okay, then.
The ball explodes into a vile cloud!
The stinking cloud engulfs the phantom but does no damage.
Some of the chunks of flesh in your inventory have rotted away.
The phantom hits you.
* * * LOW HITPOINT WARNING * * *
You miss the phantom. The phantom hits you.
* * * LOW HITPOINT WARNING * * *
You hit the phantom. The phantom completely misses you.
Unknown command.
You hit the phantom. The phantom misses you.
You closely miss the phantom. The phantom hits you.
* * * LOW HITPOINT WARNING * * *
The phantom blinks!
It was a potion of mutation.
You feel extremely strange.
You feel less energetic.
Your fingernails lengthen.
Your thoughts seem clearer.
It was a potion of invisibility.
You fade into invisibility!
You are very lightly contaminated with residual magic.
The phantom closely misses you.
You catch the helpless phantom completely off-guard!
You hit the phantom. The phantom hits you!
* * * LOW HITPOINT WARNING * * *
You completely miss the phantom. The phantom hits you.
* * * LOW HITPOINT WARNING * * *
You hit the phantom but do no damage. You barely miss the phantom.
You barely miss the phantom. You closely miss the phantom.
You hit the phantom but do no damage. You hit the phantom but do no damage.
You closely miss the phantom. The phantom hits you.
* * * LOW HITPOINT WARNING * * *
You hit the phantom but do no damage. The phantom hits you.
You die...

'####...........##..#.....##.##..
..##.............#...............
.##..............#..#...##.....##
.#..................##..##.....##
..........#.....##.....รท.#.#.##.#
##.##....##......#......)#.......
#.#.....# .............)..##....
........###...W.......#..).#...#
......#.........@.....###......##
....................## #####..#
.#........# #.## #......### ###
..##.......# .....##....#
###........## ##...#....#
#...#...##


You could see a phantom.

Vanquished Creatures
  2 hounds
  An orc priest (D:4)
  An orc wizard (D:5)
  Ijyb (D:4)
  A worker ant (D:4)
  Robin (D:4)
  3 gnolls (D:3)
  7 adders
  2 oozes
  An adder skeleton (D:4)
  3 worms
  2 dart slugs
  2 leopard geckos
  6 orcs
  5 bats
  4 giant cockroaches
  20 goblins
  9 hobgoblins
  3 jackals (D:3)
  3 quokkas
  4 ball pythons
  4 frilled lizards
  9 kobolds
  9 rats
103 creatures vanquished.

Notes
Turn   | Place    | Note
-------+----------+-------------------------------------------
     0 | D:1      | MatthieuS the Demonspawn Venom Mage began the quest for the
                  | Orb.
     0 | D:1      | Reached XP level 1. HP: 13/13 MP: 3/3
   670 | D:1      | Gained mutation: You are slightly more attuned to the
                  | shadows. [demonic ancestry]
   670 | D:1      | Reached XP level 2. HP: 19/19 MP: 1/5
   680 | D:1      | Learned a level 2 spell: Poisonous Vapours
  1638 | D:1      | Reached XP level 3. HP: 24/24 MP: 4/6
  2571 | D:2      | Gained mutation: You are significantly more attuned to the
                  | shadows. [demonic ancestry]
  2571 | D:2      | Reached XP level 4. HP: 30/30 MP: 2/8
  3358 | D:3      | Learned a level 3 spell: Mephitic Cloud
  3749 | D:3      | Reached XP level 5. HP: 36/36 MP: 1/9
  4085 | D:3      | Reached skill level 4 in Poison Magic
  4350 | D:4      | Learned a level 4 spell: Olgreb's Toxic Radiance
  4386 | D:4      | Reached skill level 1 in Fighting
  4420 | D:4      | Noticed Robin
  4603 | D:4      | Killed Robin
  4884 | D:4      | Reached skill level 1 in Air Magic
  5064 | D:4      | Noticed Grinder
  5095 | D:4      | Noticed Ijyb
  5108 | D:4      | Killed Ijyb
  5108 | D:4      | Gained mutation: You are completely attuned to the shadows.
                  | [demonic ancestry]
  5108 | D:4      | Reached XP level 6. HP: 40/43 MP: 7/11
  5576 | D:5      | Entered Level 5 of the Dungeon
  5662 | D:5      | Found a deep blue altar of Sif Muna.
  5666 | D:5      | Found a radiant altar of Vehumet.
  5669 | D:5      | Found a snail-covered altar of Cheibriados.
  5675 | D:5      | Became a worshipper of Vehumet
  5961 | D:5      | Gained mutation: Your magical capacity is low. (-10% MP)
                  | [potion of mutation]
  5961 | D:5      | Gained mutation: You have sharp fingernails. [potion of
                  | mutation]
  5961 | D:5      | Gained mutation: You possess an exceptional clarity of
                  | mind. [potion of mutation]
  5976 | D:5      | HP: 1/44 [phantom (4)]
  5977 | D:5      | Slain by a phantom

Levels and vault maps discovered:
D:1:      noname_arrival_rooms_in_the_neighbourhood, layout_loops_ring
D:2:      layout_basic
D:3:      layout_rooms, first_ration
D:4:      layout_gridville, uniq_robin, uniq_grinder, uniq_ijyb
D:5:      layout_cave_pools, lemuel_coloured_pillars_altar,
          grunt_temple_overflow_diamond, serial_shops, shop

Skill      XL: |  1  2  3  4  5 |
---------------+----------------+-----
Conjurations   | 2 3 |  3.3
Spellcasting   | 3 |  3.5
Stealth        | 2 |  2.6
Poison Magic   | 4 |  4.3
Fighting       | 1 |  1.7
Air Magic      | 1 |  1.6
Dodging        | |  1.7

Action                   |  1- 3 |  4- 6 || total
-------------------------+-------+-------++-------
Melee: Short sword       |     8 |       ||     8
       Unarmed           |     2 |       ||     2
       Whip              |     7 |       ||     7
       Dagger            |       |   130 ||   130
 Cast: Sting             |    97 |    71 ||   168
       Poisonous Vapours |       |    24 ||    24
       Mephitic Cloud    |       |     1 ||     1
  Use: Scroll            |       |     9 ||     9
       Potion            |       |     2 ||     2
 Stab: Sleeping          |       |     5 ||     5
       Invisible         |       |     1 ||     1
  Eat: Chunk             |     6 |    11 ||    17
Armor: Robe              |     6 |    21 ||    27
Dodge: Dodged            |    25 |    88 ||   113

Table legend:
 A = Non-vault XP
 B = Vault XP
 C = Vault XP percentage of total XP
 D = Non-vault monster count
 E = Vault monster count
 F = Vault count percentage of total count
                 A         B        C        D         E       F
            +---------+---------+-------+---------+---------+-------
      Total |     493 |      72 |  12.7 |      90 |      13 |  12.6
            +---------+---------+-------+---------+---------+-------
        D:1 |      47 |       0 |   0.0 |      26 |       0 |   0.0
        D:2 |      70 |       0 |   0.0 |      24 |       0 |   0.0
        D:3 |     138 |       9 |   6.1 |      24 |       5 |  17.2
        D:4 |     143 |      63 |  30.6 |       9 |       8 |  47.1
        D:5 |      95 |       0 |   0.0 |       7 |       0 |   0.0
            +---------+---------+-------+---------+---------+-------
